TOP OF THE 1ST |
Syracuse Storm batting - Pitching for Washington Generals : LHP Marco Sledge
|
Pitching: LHP Marco Sledge
|
|
Batting: RHB Tom Boyer
|
0-0: Called Strike 0-1: Foul Ball, location: 2F 0-2: Ball 1-2: Ball 2-2: Foul Ball, location: 2F 2-2: Ball 3-2: Fly out, F9 (Flyball, 9S)
|
Batting: RHB Harry MacCash
|
0-0: Ball 1-0: Called Strike 1-1: SINGLE (Groundball, 56D)
|
Batting: RHB Jerry Yates
|
0-0: Ball 1-0: Swinging Strike 1-1: Ball Balk! Harry MacCash to second 2-1: Swinging Strike 2-2: Strikes out swinging
|
Batting: RHB Aethelwulf Haraldson
|
0-0: Called Strike 0-1: Ball 1-1: Ground out 5-3 (Groundball, 56)
|
Top of the 1st over - 0 run(s), 1 hit(s), 0 error(s), 1 left on base; Syracuse 0 - Washington 0 |
BOTTOM OF THE 1ST |
Washington Generals batting - Pitching for Syracuse Storm : RHP Jorge Villanueva
|
Pitching: RHP Jorge Villanueva
|
|
Batting: RHB David Tineo
|
0-0: Called Strike 0-1: Ball 1-1: Ball 2-1: Ball 3-1: Foul Ball, location: 2F 3-2: Foul Ball, location: 2F 3-2: Base on Balls
|
Batting: RHB Mike Lipide
|
0-0: Ball 1-0: Called Strike 1-1: Ball 2-1: Fly out, F6 (Line Drive, 6)
|
Batting: RHB Jason Alston
|
0-0: Called Strike David Tineo steals 2nd base 0-1: Ball Throwing error on steal attempt, E2 David Tineo scores 1-1: Reached on error, E4 (Groundball, 4)
|
Batting: RHB Mauro Deleón
|
0-0: Called Strike 0-1: Ball 1-1: Ball 2-1: Foul Ball, location: 2F 2-2: Ball 3-2: Fly out, F7 (Flyball, 7)
|
Batting: RHB Chad Silander
|
0-0: Called Strike Jason Alston steals 2nd base 0-1: Foul Ball, location: 2F 0-2: SINGLE (Groundball, 6MD) Jason Alston to third Runner from 3rd tries for Home, SAFE, no throw
|
Batting: RHB Franklin Rascón
|
0-0: Foul Ball, location: 2F 0-1: Called Strike 0-2: Strikes out swinging
|
Bottom of the 1st over - 2 run(s), 1 hit(s), 2 error(s), 1 left on base; Syracuse 0 - Washington 2 |
TOP OF THE 2ND |
Syracuse Storm batting - Pitching for Washington Generals : LHP Marco Sledge
|
Batting: LHB Juan Jimínez
|
0-0: Ball 1-0: Ball 2-0: Ground out U3 (Groundball, 3S)
|
Batting: LHB William Duffy
|
0-0: Ball 1-0: Foul Ball, location: 2F 1-1: Foul Ball, location: 2F 1-2: Foul Ball, location: 2F 1-2: Strikes out swinging
|
Batting: LHB Phil Beck
|
0-0: Foul Ball, location: 2F 0-1: Called Strike 0-2: Strikes out swinging, 2-3 out at first.
|
Top of the 2nd over - 0 run(s), 0 hit(s), 0 error(s), 0 left on base; Syracuse 0 - Washington 2 |
BOTTOM OF THE 2ND |
Washington Generals batting - Pitching for Syracuse Storm : RHP Jorge Villanueva
|
Batting: RHB Ricardo Bruno
|
0-0: Ball 1-0: Foul Ball, location: 2F 1-1: SINGLE (Flyball, 78M)
|
Batting: RHB Ricardo Sandoval
|
0-0: Called Strike 0-1: Ball 1-1: 2-RUN HOME RUN (Flyball, 7D), Distance : 398 ft
|
Batting: RHB Alonso Vielma
|
0-0: Called Strike 0-1: Fly out, F3 (Line Drive, 3F)
|
Batting: RHB David Tineo
|
0-0: Ground out 5-3 (Groundball, 5D)
|
Batting: RHB Mike Lipide
|
0-0: Ball 1-0: Swinging Strike 1-1: Fly out, F7 (Flyball, 7)
|
Bottom of the 2nd over - 2 run(s), 2 hit(s), 0 error(s), 0 left on base; Syracuse 0 - Washington 4 |
TOP OF THE 3RD |
Syracuse Storm batting - Pitching for Washington Generals : LHP Marco Sledge
|
Batting: LHB Juan Caro
|
0-0: Swinging Strike 0-1: Ball 1-1: Ball 2-1: Called Strike 2-2: Strikes out swinging
|
Batting: RHB Tsuginori Kobayashi
|
0-0: Ball 1-0: Swinging Strike 1-1: Called Strike 1-2: Fly out, F8 (Line Drive, 8LS)
|
Batting: RHB Tom Boyer
|
0-0: Called Strike 0-1: Ball 1-1: Ball 2-1: Ball 3-1: Ground out 6-3 (Groundball, 56)
|
Top of the 3rd over - 0 run(s), 0 hit(s), 0 error(s), 0 left on base; Syracuse 0 - Washington 4 |
BOTTOM OF THE 3RD |
Washington Generals batting - Pitching for Syracuse Storm : RHP Jorge Villanueva
|
Batting: RHB Jason Alston
|
0-0: Called Strike 0-1: Called Strike 0-2: Fly out, F2 (Popup, 13S)
|
Batting: RHB Mauro Deleón
|
0-0: Ball 1-0: Ground out U3 (Groundball, 34)
|
Batting: RHB Chad Silander
|
0-0: Called Strike 0-1: Ground out 5-3 (Groundball, 56S)
|
Bottom of the 3rd over - 0 run(s), 0 hit(s), 0 error(s), 0 left on base; Syracuse 0 - Washington 4 |
TOP OF THE 4TH |
Syracuse Storm batting - Pitching for Washington Generals : LHP Marco Sledge
|
Batting: RHB Harry MacCash
|
0-0: Ball 1-0: Called Strike 1-1: Ball 2-1: Ball 3-1: Ground out 5-3 (Groundball, 56)
|
Batting: RHB Jerry Yates
|
0-0: Ball 1-0: Ground out 4-3 (Groundball, 4M)
|
Batting: RHB Aethelwulf Haraldson
|
0-0: Foul Ball, location: 2F 0-1: Called Strike 0-2: Ball 1-2: Foul Ball, location: 2F 1-2: Strikes out swinging
|
Top of the 4th over - 0 run(s), 0 hit(s), 0 error(s), 0 left on base; Syracuse 0 - Washington 4 |
BOTTOM OF THE 4TH |
Washington Generals batting - Pitching for Syracuse Storm : RHP Jorge Villanueva
|
Batting: RHB Franklin Rascón
|
0-0: Called Strike 0-1: Swinging Strike 0-2: Fly out, F7 (Line Drive, 7)
|
Batting: RHB Ricardo Bruno
|
0-0: Ball 1-0: Called Strike 1-1: Ball 2-1: Called Strike 2-2: Ball 3-2: Foul Ball, location: 2F 3-2: Foul Ball, location: 2F 3-2: Base on Balls
|
Batting: RHB Ricardo Sandoval
|
0-0: SINGLE (Flyball, 89S) Ricardo Bruno to second
|
Batting: RHB Alonso Vielma
|
Balk! Ricardo Bruno to third Ricardo Sandoval to second 0-0: SINGLE (Groundball, 6MD) Ricardo Bruno scores Ricardo Sandoval to third
|
Batting: RHB David Tineo
|
0-0: Called Strike 0-1: Ball 1-1: Foul Ball, location: 2F 1-2: Ball 2-2: Ball 3-2: Base on Balls Alonso Vielma to second
|
Batting: RHB Mike Lipide
|
0-0: Ball 1-0: Called Strike 1-1: GRAND SLAM HOME RUN (Line Drive, 7D), Distance : 403 ft
|
Pitching: RHP Collin Ferrer
|
|
Batting: RHB Jason Alston
|
0-0: Called Strike 0-1: Ball 1-1: SINGLE (Line Drive, 8LS)
|
Batting: RHB Mauro Deleón
|
0-0: Called Strike 0-1: Ball 1-1: Called Strike Jason Alston is caught stealing 2nd base 1-2: Ball 2-2: Foul Ball, location: 2F 2-2: Ball 3-2: Base on Balls
|
Batting: RHB Chad Silander
|
0-0: DOUBLE (Flyball, 78XD) Mauro Deleón to third Runner from 3rd tries for Home, SAFE, no throw
|
Batting: RHB Franklin Rascón
|
0-0: Called Strike 0-1: Swinging Strike 0-2: Strikes out looking
|
Bottom of the 4th over - 6 run(s), 5 hit(s), 0 error(s), 1 left on base; Syracuse 0 - Washington 10 |
TOP OF THE 5TH |
Syracuse Storm batting - Pitching for Washington Generals : LHP Marco Sledge
|
Batting: LHB Juan Jimínez
|
0-0: Called Strike 0-1: Called Strike 0-2: Strikes out swinging
|
Batting: LHB William Duffy
|
0-0: Called Strike 0-1: Ball 1-1: Ground out 5-3 (Groundball, 56)
|
Batting: LHB Phil Beck
|
0-0: Ball 1-0: Called Strike 1-1: Called Strike 1-2: Ground out 6-3 (Groundball, 6)
|
Top of the 5th over - 0 run(s), 0 hit(s), 0 error(s), 0 left on base; Syracuse 0 - Washington 10 |
BOTTOM OF THE 5TH |
Washington Generals batting - Pitching for Syracuse Storm : RHP Collin Ferrer
|
Batting: RHB Ricardo Bruno
|
0-0: Called Strike 0-1: Foul Ball, location: 2F 0-2: Foul Ball, location: 2F 0-2: Ball 1-2: Fly out, F5 (Line Drive, 5S)
|
Batting: RHB Ricardo Sandoval
|
0-0: SINGLE (Groundball, 4D)
|
Batting: RHB Alonso Vielma
|
0-0: Grounds into double play, 5-4-3 (Groundball, 5)
|
Bottom of the 5th over - 0 run(s), 1 hit(s), 0 error(s), 0 left on base; Syracuse 0 - Washington 10 |
TOP OF THE 6TH |
Syracuse Storm batting - Pitching for Washington Generals : LHP Marco Sledge
|
Batting: LHB Juan Caro
|
0-0: SINGLE (Line Drive, 56)
|
Batting: RHB Tsuginori Kobayashi
|
0-0: Ball 1-0: Ball 2-0: Ball Juan Caro steals 2nd base 3-0: Base on Balls
|
Batting: RHB Tom Boyer
|
0-0: Foul Ball, location: 2F 0-1: Ball 1-1: Ball 2-1: Swinging Strike 2-2: Ball 3-2: Foul Ball, location: 2F 3-2: Foul Ball, location: 2F 3-2: Strikes out looking
|
Pitching: LHP Ramón Cortéz
|
|
Batting: RHB Harry MacCash
|
0-0: Called Strike 0-1: Ball Juan Caro steals 3rd base Tsuginori Kobayashi to second 1-1: Foul Ball, location: 2F 1-2: Strikes out swinging
|
Batting: RHB Jerry Yates
|
0-0: Swinging Strike 0-1: Fly out, F4 (Popup, 4D)
|
Top of the 6th over - 0 run(s), 1 hit(s), 0 error(s), 2 left on base; Syracuse 0 - Washington 10 |
BOTTOM OF THE 6TH |
Washington Generals batting - Pitching for Syracuse Storm : RHP Collin Ferrer
|
Batting: RHB David Tineo
|
0-0: Called Strike 0-1: Ball 1-1: Ball 2-1: Foul Ball, location: 2F 2-2: Ground out 1-3 (Groundball, P)
|
Batting: RHB Mike Lipide
|
0-0: Called Strike 0-1: Called Strike 0-2: Foul Ball, location: 2F 0-2: Ball 1-2: Ball 2-2: Foul Ball, location: 2F 2-2: Ball 3-2: Ground out 6-3 (Groundball, 6M)
|
Batting: RHB Jason Alston
|
0-0: Ball 1-0: Ball 2-0: Ball 3-0: Called Strike 3-1: Ground out 6-3 (Groundball, 6M)
|
Bottom of the 6th over - 0 run(s), 0 hit(s), 0 error(s), 0 left on base; Syracuse 0 - Washington 10 |
BOTTOM OF THE 7TH |
Washington Generals batting - Pitching for Syracuse Storm : RHP Collin Ferrer
|
Batting: RHB Mauro Deleón
|
0-0: Called Strike 0-1: Ball 1-1: Ball 2-1: SINGLE (Line Drive, 7S)
|
Batting: RHB Chad Silander
|
0-0: Called Strike 0-1: Ball 1-1: Foul Ball, location: 2F 1-2: Grounds into double play, 4-6-3 (Groundball, 4)
|
Batting: RHB Franklin Rascón
|
0-0: Foul Ball, location: 2F 0-1: Foul Ball, location: 2F 0-2: Ball 1-2: Ground out 6-3 (Groundball, 6S)
|
Bottom of the 7th over - 0 run(s), 1 hit(s), 0 error(s), 0 left on base; Syracuse 1 - Washington 10 |
TOP OF THE 8TH |
Syracuse Storm batting - Pitching for Washington Generals : LHP Ramón Cortéz
|
Batting: RHB Tsuginori Kobayashi
|
0-0: Ball 1-0: SINGLE (Groundball, 56S) (infield hit)
|
Batting: RHB Tom Boyer
|
0-0: Ball 1-0: Ball 2-0: Ball 3-0: Called Strike 3-1: Base on Balls Tsuginori Kobayashi to second
|
Batting: RHB Harry MacCash
|
0-0: Called Strike 0-1: Foul Ball, location: 2F 0-2: DOUBLE (Line Drive, 7D) Tsuginori Kobayashi scores Tom Boyer to third
|
Batting: RHB Jerry Yates
|
0-0: SINGLE (Line Drive, 89M) Tom Boyer scores Harry MacCash to third
|
Batting: RHB Aethelwulf Haraldson
|
0-0: Fielders Choice at 2nd, 4-6 (Groundball, 4) Harry MacCash scores
|
Batting: LHB Juan Jimínez
|
0-0: Called Strike 0-1: Ball 1-1: Swinging Strike 1-2: Ball 2-2: Ball 3-2: Foul Ball, location: 2F 3-2: Fielders Choice at 2nd, 1-6 (Groundball, 13S)
|
Batting: LHB William Duffy
|
0-0: Foul Ball, location: 2F 0-1: Swinging Strike 0-2: Ball 1-2: Foul Ball, location: 2F 1-2: Ball 2-2: Foul Ball, location: 2F 2-2: Fielders Choice at 2nd, 5-4 (Groundball, 56)
|
Top of the 8th over - 3 run(s), 3 hit(s), 0 error(s), 0 left on base; Syracuse 4 - Washington 10 |
BOTTOM OF THE 8TH |
Washington Generals batting - Pitching for Syracuse Storm : RHP Collin Ferrer
|
Batting: RHB Ricardo Bruno
|
0-0: Fly out, F7 (Flyball, 7)
|
Pitching: RHP Joel Farrell
|
|
Batting: RHB Ricardo Sandoval
|
0-0: Called Strike 0-1: Swinging Strike 0-2: Strikes out swinging
|
Batting: RHB Alonso Vielma
|
0-0: Fly out, F9 (Flyball, 9LM)
|
Bottom of the 8th over - 0 run(s), 0 hit(s), 0 error(s), 0 left on base; Syracuse 4 - Washington 10 |
TOP OF THE 9TH |
Syracuse Storm batting - Pitching for Washington Generals : LHP Ramón Cortéz
|
Now at 3B: Júlio Rodríguez
|
|
Batting: LHB Phil Beck
|
0-0: Swinging Strike 0-1: Swinging Strike 0-2: Strikes out swinging
|
Batting: LHB Juan Caro
|
0-0: Foul Ball, location: 2F 0-1: Ground out U3 (Groundball, 3)
|
Batting: RHB Tsuginori Kobayashi
|
0-0: Called Strike 0-1: Ball 1-1: TRIPLE (Line Drive, 89D)
|
Batting: RHB Tom Boyer
|
0-0: Ball 1-0: Ball 2-0: Called Strike 2-1: Called Strike 2-2: Foul Ball, location: 2F 2-2: Ball 3-2: Base on Balls
|
Batting: RHB Harry MacCash
|
0-0: Foul Ball, location: 2F 0-1: Ball 1-1: Foul Ball, location: 2F 1-2: Ball 2-2: Foul Ball, location: 2F 2-2: Fly out, F3 (Popup, 3L)
|
Top of the 9th over - 0 run(s), 1 hit(s), 0 error(s), 2 left on base; Syracuse 4 - Washington 10 |
|